 Dungeon Crawl Stone Soup version 0.15.0-34-g666c3a1 (webtiles) character file.

39 CrazyArbalest the Ducker (level 3, -1/18 HPs)
             Began as a Spriggan Arcane Marksman on Sept 14, 2014.
             Slain by a goblin
             ... wielding a +0 flail
              (10 damage)
             ... on Level 1 of the Dungeon.
             The game lasted 00:09:00 (2513 turns).

CrazyArbalest the Ducker (Spriggan Arcane Marksman) Turns: 2513, Time: 00:09:00

HP  -1/18        AC  3     Str  7      XL: 3   Next: 26%
MP   7/7         EV 19     Int 14      God:
Gold 19          SH  0     Dex 16      Spells:  2 memorised,  1 level left

rFire  . . .     SeeInvis +     j - -2 dagger (curse)
rCold  . . .     Clarity  .     a - +1 robe
rNeg   . . .     rCorr    .     (shield restricted)
rPois  .         rRot     .     (helmet restricted)
rElec  .         Spirit   .     (no cloak)
SustAb .         Warding  .     (gloves unavailable)
rMut   .         Stasis   .     (boots unavailable)
Gourm  .                        (no amulet)
MR     .....                    (no ring)
                                (no ring)

@: very quick, not resistant to hostile enchantments, unstealthy
A: unfitting armour, see invisible, herbivore 3, speed 3, slow metabolism 2
a: no special abilities


You were on level 1 of the Dungeon.
You were not hungry.

You visited 1 branch of the dungeon, and saw 2 of its levels.

You collected 19 gold pieces.

Inventory:

Hand weapons
 b - a +0 hand crossbow
 f - a +0 dagger
 j - a cursed -2 dagger (weapon)
Missiles
 c - 19 bolts
Armour
 a - a +1 robe (worn)
Scrolls
 h - a scroll of teleportation
 l - a scroll of enchant armour
Potions
 e - a potion of porridge
 g - a potion of beneficial mutation {unknown}
 i - 3 potions of heal wounds
 k - a potion of mutation {unknown}
Books
 d - a book of Debilitation

   Spells                             Type                      Level
   *Corona                            Hexes                        1
   *Slow                              Hexes                        2
   Inner Flame                        Hexes/Fire                   3
   Enslavement                        Hexes                        4
   Cause Fear                         Hexes                        4
   Leda's Liquefaction                Hexes/Earth                  4


   Skills:
 + Level 1.0 Fighting
 + Level 0.2 Short Blades
 + Level 2.2 Crossbows
 + Level 4.3 Dodging
 + Level 0.4 Stealth
 + Level 1.3 Spellcasting
 + Level 4.2 Hexes


You had one spell level left.
You knew the following spells:

 Your Spells              Type           Power        Failure   Level  Hunger
a - Corona                Hex            ##.....      4%          1    ##.....
b - Slow                  Hex            ##......     10%         2    ###....


Dungeon Overview and Level Annotations

Branches:
Dungeon (2/15)

Altars:
Ashenzari


Innate Abilities, Weirdness & Mutations

You are tiny and cannot use many weapons and most armour.
You have supernaturally acute eyesight.
You are a herbivore.
You cover ground extremely quickly.
You need consume almost no food.


Message History

You feel sick. x2
You are no longer poisoned.
You start resting.
You start resting.
HP restored.
There is a stone staircase leading down here.
You see here a mace.
There is an open door here.
A goblin comes into view. It is wielding a flail.
The goblin throws a stone.
The stone hits you but does no damage. The goblin misses you.
You barely miss the goblin. The goblin hits you with a flail.
You hit the goblin but do no damage. The goblin hits you with a flail.
You hit the goblin.
The goblin is moderately wounded.
You hit the goblin.
The goblin is heavily wounded.
The goblin hits you with a flail!
Ouch! That really hurt!
You die...

# ##..##
##.###......##.##....#.# ##
##..##
#..##......##.##.##.._. .##
##..####'##.....###.##.####.#
..## ##.##..........# #.##.#
#.. ...## #.)#.......>..#
#.##.# ###
....####.#......).'## #....#
.........#........'#########
....####.##..(.........#
...## #..##.....@......# ..##
##.###......g.....# .## ##..#
#.....(......# ## ##..##
####...####### # ##..##
#.#.######### ##..##
#.#.##......# ##..##
#####'#'##'####.# ...##
#.............#.# .###
#......>......#.#


You could see a goblin.

Vanquished Creatures
  An adder (D:1)
  A giant gecko (D:1)
  An ooze (D:1)
  6 bats (D:1)
  5 goblins
  4 hobgoblins
  5 kobolds (D:1)
  A giant cockroach (D:1)
  5 rats (D:1)
29 creatures vanquished.

Notes
Turn   | Place    | Note
--------------------------------------------------------------
     0 | D:1      | CrazyArbalest, the Spriggan Arcane Marksman, began the quest for the Orb.
     0 | D:1      | Reached XP level 1. HP: 9/9 MP: 3/3
   366 | D:1      | Reached skill level 4 in Hexes
   507 | D:1      | Reached XP level 2. HP: 12/14 MP: 5/5
   528 | D:1      | Learned a level 2 spell: Slow
   789 | D:1      | Found a shattered altar of Ashenzari.
  2089 | D:1      | Reached XP level 3. HP: 9/17 MP: 7/7
  2131 | D:2      | Reached skill level 1 in Fighting
  2513 | D:1      | Slain by a goblin

Action                   || total
-------------------------++-------
Melee: Dagger            ||   253
 Fire: Hand crossbow     ||     1
 Cast: Corona            ||     5
  Use: Scroll            ||     6
 Stab: Distracted        ||     1
